Map: Ever Dream LE

Players

Lambo - Winner!

  • Race: Zerg Zerg
  • Spawn Location: 7:00

SKillous

  • Race: Protoss Protoss
  • League: Grandmaster
  • Spawn Location: 1:00

Event: DreamHack SC2 Masters 2020 Summer Europe

VOD

Have the link to the VOD?

Description

Time

  • Played on: July 5, 2020, 10:37 a.m.
  • Length: 11:35

All games in this series

Show
View Real Time Build Order
Export as new Build Order

Lambo Zerg - Winner!

Build Orders: Hatch First, Lurkers 

Get SALT Encoding   

  12  0:00  Drone  
  13  0:12  Overlord  
  13  0:16  Drone  
  14  0:30  Drone x2  
  16  0:39  Drone  
  17  0:51  Hatchery  
  17  0:54  Drone  
  17  0:57  Drone  
  18  1:08  Extractor  
  17  1:12  Spawning Pool  
  17  1:16  Drone  
  17  1:20  Drone  
  18  1:27  Drone  
  19  1:38  Drone  
  20  1:49  Overlord  
  20  1:58  Queen  
  22  2:02  Queen  
  22  2:03  Zergling x4  
  26  2:11  Drone  
  26  2:12  Metabolic Boost  
  26  2:14  Drone  
  28  2:24  Drone  
  28  2:26  Drone  
  30  2:33  Hatchery  
  30  2:36  Drone  
  30  2:44  Zergling x2  
  30  2:46  Drone, Overlord  
  32  2:59  Drone  
  32  3:00  Queen  
  32  3:02  Drone  
  36  3:06  Drone  
  36  3:10  Drone x3  
  36  3:12  Drone  
  41  3:18  Overlord  
  41  3:24  Drone  
  42  3:32  Drone x2  
  44  3:35  Queen  
  46  3:42  Drone x4  
  46  3:44  Drone  
  46  3:45  Queen  
  53  3:49  Drone  
  53  3:50  Drone  
  53  3:52  Spore Crawler  
  53  3:55  Drone  
  55  3:56  Spore Crawler  
  55  3:58  Drone  
  56  4:02  Drone  
  56  4:03  Spore Crawler  
  56  4:07  Drone, Overlord  
  56  4:09  Drone  
  58  4:10  Drone  
  58  4:11  Overlord  
  58  4:15  Lair  
  58  4:21  Overlord  
  58  4:25  Overlord  
  58  4:26  Drone x4  
  58  4:28  Evolution Chamber  
  61  4:31  Extractor  
  61  4:32  Extractor  
  61  4:34  Drone x2  
  61  4:39  Zergling x6  
  61  4:44  Zergling x2  
  61  4:45  Drone x2  
  67  4:47  Drone x2  
  67  4:48  Drone  
  67  4:50  Drone x2  
  67  4:52  Drone, Extractor  
  72  4:53  Extractor  
  72  4:54  Zerg Missile Weapons Level 1  
  72  4:57  Drone  
  72  4:58  Roach Warren  
  71  5:00  Drone x2  
  71  5:03  Drone x2  
  71  5:07  Drone, Extractor  
  75  5:12  Drone  
  75  5:16  Overseer, Drone x3, Baneling Nest  
  75  5:19  Drone x3  
  75  5:20  Drone  
  81  5:22  Drone  
  81  5:25  Overlord  
  82  5:30  Drone x3  
  82  5:32  Overlord  
  85  5:37  Overlord  
  85  5:39  Roach x2  
  89  5:45  Hatchery, Roach  
  89  5:47  Glial Reconstitution  
  89  5:49  Overseer  
  89  5:52  Overlord, Queen  
  89  5:54  Hydralisk Den  
  91  5:59  Spore Crawler  
  91  6:03  Queen  
  92  6:06  Drone x7  
  92  6:09  Overlord  
  99  6:14  Overlord  
  99  6:18  Drone x5  
  104  6:19  Drone x3  
  104  6:24  Muscular Augments  
  107  6:26  Baneling Nest  
  107  6:28  Drone  
  107  6:30  Drone x2  
  106  6:34  Drone x3  
  106  6:37  Drone x3, Spore Crawler  
  106  6:38  Unknown, Drone  
  107  6:48  Hydralisk x3  
  107  6:53  Hydralisk  
  114  6:58  Hydralisk x3  
  120  7:04  Hydralisk x4  
  130  7:09  Hydralisk x2  
  130  7:10  Hydralisk  
  136  7:20  Overlord x4  
  136  7:21  Overlord  
  136  7:25  Overlord  
  136  7:27  Overlord  
  134  7:30  Centrifical Hooks  
  134  7:32  Drone x4, Infestation Pit  
  134  7:35  Roach  
  135  7:37  Overlord x3  
  135  7:40  Zergling x14  
  135  7:42  Ravager x3  
  144  7:46  Lurker Den  
  144  7:48  Drone  
  144  7:49  Drone  
  145  7:53  Roach x3  
  151  8:00  Hatchery  
  151  8:02  Zergling x12  
  156  8:16  Zergling x2  
  156  8:17  Zergling x20  
  156  8:18  Ravager x3  
  170  8:22  Hive  
  170  8:23  Zerg Missile Weapons Level 2  
  170  8:26  Overlord  
  170  8:29  Overlord x2  
  170  8:30  Grooved Spines  
  170  8:33  Zergling x16  
  177  8:52  Lurker x9  
  177  8:53  Hydralisk x3, Lurker x2  
  177  8:54  Hydralisk x2  
  198  8:57  Lurker  
  198  8:58  Lurker x2  
  198  9:02  Roach  
  197  9:07  Overlord  
  196  9:10  Overlord  
  196  9:11  Hydralisk x2  
  199  9:23  Hydralisk  
  197  9:26  Overseer  
  199  9:32  Spine Crawler  
  199  9:35  Overlord  
  193  9:40  Hydralisk x2  
  193  9:44  Baneling x6  
  193  9:45  Baneling x2  
  189  9:51  Seismic Spines  
  189  10:00  Drone x5  
  189  10:01  Drone x4  
  195  10:15  Hydralisk x2  
  196  10:23  Roach x2  
  196  10:27  Roach x6  
  195  10:28  Hydralisk x2  
  195  10:29  Roach x2  
  195  10:31  Hydralisk  
  195  10:32  Hydralisk x2, Zergling x2  
  195  10:33  Hydralisk x5  
  198  10:36  Overlord  
  198  10:39  Roach x2  
  198  10:40  Hydralisk x3  
  198  10:41  Roach  
  196  10:44  Hydralisk x3  
  196  10:47  Hydralisk  
  196  10:48  Roach x4  
  194  10:52  Lurker x5  
  194  10:54  Roach x3  
  194  10:56  Roach  
  198  10:59  Roach x2  
  198  11:01  Roach x5  
  198  11:03  Lurker x3  
  188  11:05  Roach x2  
  188  11:08  Roach  
  188  11:09  Lurker  
  196  11:12  Roach  
  196  11:16  Roach  
Show
View Real Time Build Order
Export as new Build Order

SKillous Protoss 

Build Orders: 1 Gate Expand, Dark Templar Rush 

Get SALT Encoding   

  12  0:00  Probe  
  13  0:12  Probe  
  14  0:19  Pylon  
  14  0:24  Probe  
  15  0:33  Probe  
  15  0:40  Gateway  
  15  0:41  Probe  
  16  0:49  Assimilator  
  17  0:52  Probe  
  18  1:04  Probe  
  19  1:16  Probe  
  20  1:25  Nexus  
  20  1:35  Cybernetics Core  
  20  1:39  Probe  
  21  1:44  Assimilator  
  21  1:51  Probe  
  21  1:54  Pylon  
  22  2:02  Adept  
  22  2:03  Probe  
  23  2:12  Warp Gate  
  25  2:15  Probe  
  26  2:22  Adept  
  26  2:24  Twilight Council  
  26  2:27  Probe  
  27  2:34  Probe  
  29  2:40  Probe  
  29  2:42  Probe  
  32  2:52  Probe x2  
  32  2:54  Stalker  
  36  3:02  Probe  
  37  3:06  Dark Shrine  
  37  3:08  Probe  
  37  3:10  Probe  
  38  3:19  Probe  
  39  3:20  Gateway, Probe  
  41  3:30  Probe  
  41  3:32  Probe  
  43  3:38  Pylon  
  43  3:42  Probe  
  43  3:43  Nexus  
  43  3:45  Probe  
  45  3:54  Probe  
  46  4:00  Shield Battery  
  46  4:06  Stargate  
  46  4:07  Stargate  
  46  4:08  Probe  
  47  4:10  Probe  
  47  4:15  Assimilator  
  48  4:17  Pylon  
  48  4:18  Assimilator, Probe  
  48  4:21  Pylon  
  48  4:22  Probe  
  50  4:25  Dark Templar  
  50  4:26  Probe  
  53  4:34  Probe  
  53  4:35  Probe  
  54  4:43  Probe  
  55  4:46  Probe  
  55  4:47  Phoenix  
  55  4:49  Phoenix  
  55  4:50  Gateway x2  
  55  4:52  Probe  
  59  4:56  Probe  
  59  4:58  Probe  
  64  5:04  Probe  
  65  5:07  Phoenix  
  65  5:08  Probe, Pylon  
  65  5:12  Robotics Facility  
  69  5:14  Probe  
  69  5:15  Phoenix  
  69  5:16  Probe  
  70  5:24  Probe  
  70  5:26  Probe  
  74  5:28  Pylon  
  74  5:29  Assimilator  
  74  5:30  Probe  
  74  5:33  Phoenix  
  77  5:36  Probe  
  77  5:38  Probe  
  77  5:41  Phoenix  
  82  5:42  Probe  
  82  5:48  Assimilator  
  82  5:49  Probe  
  81  5:50  Probe  
  81  5:56  Probe  
  83  5:58  Phoenix  
  83  5:59  Forge  
  83  6:01  Probe  
  83  6:02  Robotics Bay  
  83  6:03  Probe  
  87  6:07  Robotics Facility  
  87  6:08  Probe  
  88  6:11  Protoss Ground Weapons Level 1  
  88  6:14  Phoenix  
  88  6:15  Observer  
  91  6:33  Colossus  
  91  6:35  Probe  
  91  6:37  Pylon  
  92  6:52  Extended Thermal Lance  
  96  6:55  Gateway  
  96  6:57  Gateway  
  96  6:58  Colossus  
  96  6:59  Photon Cannon  
  96  7:01  Gateway, Probe  
  103  7:02  Gateway  
  103  7:03  Photon Cannon  
  103  7:06  Pylon  
  103  7:12  Gateway  
  103  7:13  Gateway  
  103  7:15  Charge  
  103  7:17  Stalker  
  103  7:18  Zealot  
  103  7:19  Zealot  
  103  7:21  Colossus  
  115  7:46  Observer  
  115  7:49  Probe  
  115  7:50  Photon Cannon  
  115  7:51  Photon Cannon  
  116  7:55  Pylon  
  116  7:59  Pylon  
  116  8:01  Pylon  
  116  8:02  Nexus  
  116  8:03  Pylon  
  116  8:05  Immortal  
  116  8:06  Pylon  
  116  8:11  Protoss Ground Weapons Level 2  
  116  8:14  Warp Prism, Pylon  
  116  8:17  Dark Templar x4  
  130  8:24  Sentry x2, Archon x2  
  132  8:31  Photon Cannon  
  132  8:33  Photon Cannon  
  130  8:39  Zealot x2  
  130  8:41  Probe x2  
  135  8:44  Zealot x2  
  135  8:46  Colossus  
  146  8:49  Zealot  
  146  8:54  Zealot  
  146  8:55  Warp Prism, Zealot x4  
  158  9:09  Dark Templar  
  162  9:10  Dark Templar  
  162  9:14  Pylon  
  162  9:16  Photon Cannon, Assimilator  
  162  9:17  Archon  
  159  9:20  Assimilator  
  159  9:24  Photon Cannon  
  156  9:25  Dark Templar  
  156  9:26  Dark Templar  
  156  9:27  Dark Templar  
  156  9:31  Archon  
  158  9:41  Dark Templar x4  
  158  9:45  Archon x2  
  166  9:50  Zealot x3  
  172  9:59  Observer  
  172  10:02  Zealot x3  
  172  10:05  Gateway  
  172  10:06  Observer  
  180  10:07  Gateway  
  180  10:09  Observer  
  180  10:11  Zealot x3  
  142  10:28  Zealot x5  
  142  10:29  Zealot x2  
  108  10:50  Zealot x8  
  116  11:09  Dark Templar x2  
  100  11:24  Zealot x5  
Tags
 
Add a new tag
Caveats
  • Supply blocks, unpowered buildings, or Contaminate may cause inaccurate times.
  • Supply counts are checked every 10 seconds.